 Dungeon Sprint DCSS version 0.15.2-1-g79e6ab2eea (webtiles) character file.

525 magog001 the Protected (level 7, 0/73 HPs)
             Began as a Minotaur Fighter on Mar 11, 2021.
             Was an Initiate of Nemelex Xobeh.
             Succumbed to Sonja's curare-tipped needle
             ... in the Dungeon (Sprint I: "Red Sonja").
             The game lasted 00:04:35 (886 turns).

magog001 the Protected (Minotaur Fighter)            Turns: 886, Time: 00:04:35

HP   0/73        AC 11     Str 22      XL: 7   Next:  2%
MP   3/3         EV  8     Int  5      God: Nemelex Xobeh [......]
Gold 297         SH 12     Dex 10      Spells:  0 memorised,  6 levels left

rFire  . . .     SeeInvis .     a - +0 war axe
rCold  . . .     Clarity  .     l - +3 scale mail {MR+}
rNeg   . . .     rCorr    .     c - +0 shield
rPois  .         rRot     .     (helmet restricted)
rElec  .         Spirit   .     (no cloak)
SustAb .         Warding  .     (no gloves)
rMut   .         NoTele   +     (no boots)
Gourm  .                        (no amulet)
MR     +....                    (no ring)
                                (no ring)

@: lethally poisoned, short of breath, very slightly contaminated, hasted and
slowed, somewhat resistant to hostile enchantments, extremely unstealthy
A: retaliatory headbutt, horns 2
a: Renounce Religion


You were in the Dungeon.
You worshipped Nemelex Xobeh.
Nemelex Xobeh was noncommittal.
You were not hungry.

You visited 1 branch You collected 297 gold pieces.

Inventory:

Hand weapons
 a - a +0 war axe (weapon)
Armour
 c - a +0 shield (worn)
 l - a +3 scale mail of magic resistance (worn)
Comestibles
 b - a meat ration
Scrolls
 e - a scroll of immolation {unknown}
 k - a scroll of blinking
Potions
 i - 2 potions of magic


   Skills:
 * Level 10.3 Fighting
 * Level 6.8 Axes
 * Level 10.8 Armour
 * Level 9.8 Shields


You had 6 spell levels left.
You didn't know any spells.

Dungeon Overview and Level Annotations

Branches:
Dungeon (1/1)

Altars:
Cheibriados
Dithmenos
Elyvilon
Fedhas
Kikubaaqudgha
Makhleb
Nemelex Xobeh
Okawaru
Qazlal
Sif Muna
Trog
Vehumet
Xom
Yredelemnul
Zin
The Shining One
Jiyva

Shops:
D (

Annotations:
D Sonja


Innate Abilities, Weirdness & Mutations

You reflexively headbutt those who attack you in melee.
You have a pair of horns on your head.


Message History

Unknown command.
There is a lethal amount of poison in your body!
Unknown command.
* * * LOW HITPOINT WARNING * * *
You feel sick.
Sonja shoots a curare-tipped needle.
The curare-tipped needle hits you.
You are more poisoned.
You have difficulty breathing.
* * * LOW HITPOINT WARNING * * *
You feel as though you will be slow longer.
You see here 3 curare-tipped needles.
Unknown command.
* * * LOW HITPOINT WARNING * * *
You feel very sick.
Sonja mumbles some strange words.
Sonja blinks!
* * * LOW HITPOINT WARNING * * *
You feel very sick.
You die...
Your body disappears without a glow.

#..#_.####..##.#
#..#_..._##'#..+
#⌠⌠#_.∩...'..._#
####_..._##_K#+#
#_____###(#
#########(##
+(.$+ #$.$#
##@## #+#


You could see Sonja.

Vanquished Creatures
  A slime creature (D)
  A yak (D)
  An ogre (D)
  Sigmund (D)
  A jelly (D)
  Ijyb (D)
6 creatures vanquished.

Notes
Turn   | Place    | Note
--------------------------------------------------------------
     0 | D        | magog001, the Minotaur Fighter, began the quest for the Orb.
     0 | D        | Reached XP level 1. HP: 19/19 MP: 1/1
     2 | D        | Noticed Ijyb
    14 | D        | Killed Ijyb
    14 | D        | Reached skill level 4 in Fighting
    14 | D        | Reached skill level 5 in Armour
    14 | D        | Reached XP level 2. HP: 19/28 MP: 1/1
   106 | D        | Noticed an ogre
   112 | D        | Killed an ogre
   112 | D        | Reached skill level 6 in Fighting
   112 | D        | Reached skill level 7 in Shields
   112 | D        | Reached XP level 3. HP: 22/38 MP: 2/2
   112 | D        | Reached XP level 4. HP: 26/45 MP: 2/2
   242 | D        | Noticed Sigmund
   274 | D        | Killed Sigmund
   274 | D        | Reached skill level 8 in Armour
   274 | D        | Reached XP level 5. HP: 14/53 MP: 2/2
   512 | D        | Found a deep blue altar of Sif Muna.
   513 | D        | Noticed a jelly
   514 | D        | Found a radiant altar of Vehumet.
   518 | D        | Killed a jelly
   518 | D        | Reached skill level 5 in Axes
   528 | D        | Found a snail-covered altar of Cheibriados.
   528 | D        | Found a viscous altar of Jiyva.
   528 | D        | Found a shadowy altar of Dithmenos.
   528 | D        | Found a blossoming altar of Fedhas.
   528 | D        | Noticed a slime creature
   538 | D        | Killed a slime creature
   538 | D        | Reached skill level 9 in Fighting
   538 | D        | Reached skill level 10 in Armour
   538 | D        | Reached XP level 6. HP: 6/66 MP: 3/3
   847 | D        | Found Moriumut's Antique Weapon Emporium.
   847 | D        | Found a white marble altar of Elyvilon.
   847 | D        | Found a stormy altar of Qazlal.
   847 | D        | Found a burning altar of Makhleb.
   847 | D        | Found a basalt altar of Yredelemnul.
   847 | D        | Found a glowing golden altar of the Shining One.
   847 | D        | Found a sparkling altar of Nemelex Xobeh.
   847 | D        | Found a shimmering altar of Xom.
   847 | D        | Found an ancient bone altar of Kikubaaqudgha.
   847 | D        | Found a glowing silver altar of Zin.
   847 | D        | Noticed a yak
   851 | D        | Killed a yak
   851 | D        | Reached skill level 10 in Fighting
   851 | D        | Reached XP level 7. HP: 71/73 MP: 3/3
   852 | D        | Found an iron altar of Okawaru.
   853 | D        | Found a bloodstained altar of Trog.
   861 | D        | Became a worshipper of Nemelex Xobeh the Trickster
   871 | D        | Received a gift from Nemelex Xobeh
   871 | D        | Noticed Sonja
   885 | D        | HP: 1/73 [poisoned by Sonja (curare-tipped needle)]
   886 | D        | Succumbed to Sonja's curare-tipped needle

Action                   |  1- 3 |  4- 6 |  7- 9 || total
-------------------------+-------+-------+-------++-------
Melee: War axe           |    16 |    43 |     2 ||    61
  Use: Potion            |       |     4 |     1 ||     5
  Eat: Bread ration      |       |     1 |       ||     1
